 Dungeon Sprint DCSS version 0.28.0-53-g5a82cb258f (webtiles) character file.

Game seed: 16928613214060345221

2840 Zeld the Warrior (level 9, -2/145 HPs)
             Began as a Minotaur Berserker on June 5, 2022.
             Was a High Priest of Trog.
             Succumbed to a redback's poison
             ... in the Dungeon (Sprint III: "The Ten Rune Challenge").
             The game lasted 00:01:31 (2206 turns).

Zeld the Warrior (Minotaur Berserker)               Turns: 2206, Time: 00:01:32

Health: -2/145     AC:  3    Str: 25    XL:     9   Next: 46%
Magic:  2/2        EV: 15    Int:  4    God:    Trog [*****.]
Gold:   43         SH:  0    Dex: 11    Spells: 8/8 levels left

rFire   . . .      SeeInvis .   a - +4 battleaxe (antimagic)
rCold   . . .      Faith    .   (shield currently unavailable)
rNeg    . . .      Spirit   .   b - +0 animal skin
rPois   .          Reflect  .   (helmet restricted)
rElec   .          Harm     .   (no cloak)
rCorr   .          Rampage  .   (no gloves)
Will    .....      NoTele   +   (no boots)
Stlth   ..........              (no amulet)
HPRegen 0.34/turn               (no ring)
MPRegen 0.08/turn               (no ring)

@: berserking, lethally poisoned (-2 -> -42), very quick
A: horns 2, retaliatory headbutt
a: Renounce Religion, Berserk, Trog's Hand, Brothers in Arms


You were in the Dungeon.
You worshipped Trog.
Trog was extremely pleased with you.
You visited 1 branch You collected 43 gold pieces.

Inventory:

Hand Weapons
 a - a +4 antimagic battleaxe (weapon)
Armour
 b - a +0 animal skin (worn)
Scrolls
 h - a scroll of blinking
 i - a scroll of torment {unknown}
 j - 2 scrolls of identify {unknown}
 m - a scroll of holy word {unknown}
Potions
 c - 2 potions of curing
 d - a potion of heal wounds
 e - a potion of haste
 f - 2 potions of magic
 g - a potion of berserk rage
 k - 2 potions of brilliance {unknown}
 l - 3 potions of flight
 n - 4 potions of mutation
Miscellaneous
 o - a phantom mirror


   Skills:
 * Level 15.5 Fighting
 * Level 15.5 Axes
 + Level 11.0 Armour
 + Level 10.1 Dodging


You had 8 spell levels left.
You didn't know any spells.
Your spell library was empty.

Dungeon Overview and Level Annotations

Branches:
Dungeon (1/1)

Altars:
Cheibriados
Dithmenos
Elyvilon
Fedhas
Gozag
Hepliaklqana
Kikubaaqudgha
Makhleb
Nemelex Xobeh
Okawaru
Qazlal
Ru
Sif Muna
Trog
Uskayaw
Vehumet
Wu Jian
Xom
Yredelemnul
Zin
The Shining One
Beogh
Jiyva
Lugonu


Innate Abilities, Weirdness & Mutations

You have a pair of horns on your head.
You reflexively headbutt those who attack you in melee.


Message History

You furiously retaliate!
You headbutt the redback.
The redback bites you but does no damage.
There is an open door here.
A red film seems to cover your vision as you go berserk!
You feel yourself moving faster!
You feel mighty!
You feel very sick. The redback closely misses you. You furiously retaliate!
You headbutt the redback! The redback bites you! The redback bites you.
You slash the redback!
You feel the power of Trog in you as your rage grows.
You kill the redback!
Trog accepts your kill.
You barely miss the redback.
You feel sick. The redback bites you.
Your Dodging skill increases to level 10!
You feel sick.
You barely miss the redback. Your headbutt misses the redback.
The redback is heavily wounded.
You feel sick. The redback bites you!
* * * LOW HITPOINT WARNING * * *
You completely miss the redback.
The redback is moderately wounded.
You feel sick. The redback bites you!
* * * LOW HITPOINT WARNING * * *
You are lethally poisoned!
The redback poisons you!
You hit the redback. You headbutt the redback!
The redback is almost dead.
* * * LOW HITPOINT WARNING * * *
You feel extremely sick. The redback bites you.
* * * LOW HITPOINT WARNING * * *
You slice the redback!!
You kill the redback!
Trog accepts your kill.
* * * LOW HITPOINT WARNING * * *
You feel extremely sick.
Your Armour skill increases to level 11!
Unknown command.
Unknown command.
You die...

)## ..# ..# #'#
..#+############## ###
..#....#.#.#....)# .^..
..##.#.)#)##)###.# ^....
..'##.#.#.##.#))##......
..#.).#..#..##..@.....^.
▓▓▓▓▓▓▓▓▓▓▓▓▓▓▓▓#.......
^^..^.^ ....^.. ^.^....
#+#####


There were no monsters in sight!

Vanquished Creatures
  Erolcha (D)
  A deep elf pyromancer (D)
  A shadow (D)
  2 redbacks (D)
  A spatial vortex (D)
  A necrophage (D)
  5 two-headed ogres (D)
  A water elemental (D)
  A jelly (D)
  Jessica (D)
  A necromancer (D)
  A kobold demonologist (D)
  3 humans (D)
  A wolf (D)
  2 endoplasms (D)
23 creatures vanquished.

Vanquished Creatures (others)
  A wizard (D)
1 creature vanquished.

Grand Total: 24 creatures vanquished

Notes
Turn   | Place    | Note
-------+----------+-------------------------------------------
     0 | D        | Zeld the Minotaur Berserker began the quest for the Orb.
     0 | D        | Reached XP level 1. HP: 19/19 MP: 0/0
    28 | D        | Noticed Jessica
    33 | D        | Killed Jessica
    33 | D        | Reached ** piety under Trog
    34 | D        | Reached skill level 5 in Fighting
    34 | D        | Reached skill level 5 in Axes
    34 | D        | Reached XP level 2. HP: 29/29 MP: 1/1
    34 | D        | Reached XP level 3. HP: 36/36 MP: 2/2
   409 | D        | Noticed a water elemental
   412 | D        | Killed a water elemental
   413 | D        | Reached skill level 5 in Armour
   413 | D        | Reached XP level 4. HP: 47/47 MP: 3/3
   547 | D        | Found a basalt altar of Yredelemnul.
   547 | D        | Found a shadowy altar of Dithmenos.
   547 | D        | Found a sacrificial altar of Ru.
   547 | D        | Noticed a necrophage
   558 | D        | Killed a necrophage
   558 | D        | Reached *** piety under Trog
   559 | D        | Reached skill level 5 in Dodging
   559 | D        | Reached XP level 5. HP: 56/56 MP: 4/4
   677 | D        | Found a radiant altar of Vehumet.
   678 | D        | Found a shimmering blue altar of Sif Muna.
   678 | D        | Found an ancient bone altar of Kikubaaqudgha.
   681 | D        | Noticed a smoke demon
   688 | D        | Noticed a chaos spawn
   898 | D        | Found a glowing silver altar of Zin.
   898 | D        | Found a glowing golden altar of the Shining One.
   898 | D        | Found a white marble altar of Elyvilon.
   899 | D        | Noticed a deep elf pyromancer
   904 | D        | Killed a deep elf pyromancer
   904 | D        | Reached **** piety under Trog
   905 | D        | Reached XP level 6. HP: 69/69 MP: 5/5
   905 | D        | Reached XP level 7. HP: 75/75 MP: 6/6
   972 | D        | Found a hide-covered altar of Uskayaw.
   972 | D        | Found an iron altar of Okawaru.
   972 | D        | Found a bloodstained altar of Trog.
   972 | D        | Found an ornate altar of the Wu Jian Council.
   972 | D        | Noticed a human
   973 | D        | Noticed a human
   978 | D        | Killed a human
   983 | D        | Killed a human
  1074 | D        | Noticed a shadow
  1083 | D        | Killed a shadow
  1084 | D        | Reached XP level 8. HP: 81/85 MP: 7/7
  1140 | D        | Found a blossoming altar of Fedhas.
  1140 | D        | Found a stormy altar of Qazlal.
  1140 | D        | Found a snail-covered altar of Cheibriados.
  1140 | D        | Found a burning altar of Makhleb.
  1140 | D        | Found a shimmering altar of Xom.
  1141 | D        | Found a hazy altar of Hepliaklqana.
  1141 | D        | Found an opulent altar of Gozag.
  1141 | D        | Found a sparkling altar of Nemelex Xobeh.
  1141 | D        | Found a corrupted altar of Lugonu.
  1141 | D        | Found a viscous altar of Jiyva.
  1173 | D        | Reached ***** piety under Trog
  1775 | D        | Noticed a two-headed ogre
  1781 | D        | Killed a two-headed ogre
  1864 | D        | Noticed a two-headed ogre
  1864 | D        | Noticed Erolcha
  1872 | D        | Killed Erolcha
  1872 | D        | Received a gift from Trog
  1873 | D        | Reached skill level 10 in Armour
  1873 | D        | Reached XP level 9. HP: 52/96 MP: 8/8
  1874 | D        | Killed a two-headed ogre
  1875 | D        | Reached skill level 15 in Fighting
  1875 | D        | Reached skill level 15 in Axes
  2201 | D        | Reached skill level 10 in Dodging
  2205 | D        | HP: 5/145 [poisoned by a redback]
  2206 | D        | Succumbed to a redback's poison

Illustrated notes

Levels and vault maps discovered:
D:        dungeon_sprint_mu [sprint_mu_entry_cave, sprint_mu_temple_rooms,
          sprint_mu_d1_spiders, sprint_mu_d2_genie, sprint_mu_d3_branching,
          sprint_mu_orc_legion, sprint_mu_elf_gauntlet, sprint_mu_hive_nellie,
          sprint_mu_lair_fedhas, sprint_mu_vaults_butterflies,
          sprint_mu_slime_circle, sprint_mu_swamp_cave, sprint_mu_snake_twists,
          sprint_mu_blade_basic, sprint_mu_crypt_chambers,
          sprint_mu_tomb_spiral, sprint_mu_vestibule_basic,
          sprint_mu_gehenna_hellfire, sprint_mu_dis_giant,
          sprint_mu_tartarus_statrot, sprint_mu_cocytus_islands, sprint_mu_zot1]

Skill      XL: |  1  2  3  4  5  6  7  8  9 |
---------------+----------------------------+-----
Axes           | 5 7 8 11 12 14 15 | 15.5
Fighting       | 5 7 8 11 12 14 15 | 15.5
Armour         | 3 5 6 8 9 10 11 | 11.0
Dodging        | 3 4 5 7 8 9 10 | 10.1

Action                   |  1- 3 |  4- 6 |  7- 9 || total
-------------------------+-------+-------+-------++-------
Melee: Hand axe          |    21 |    24 |    63 ||   108
       Headbutt          |     2 |     4 |    16 ||    22
       Punch             |       |       |     1 ||     1
       Battleaxe         |       |       |     7 ||     7
Invok: Berserk           |     3 |     2 |     6 ||    11
 Stab: Sleeping          |     1 |       |       ||     1
Armor: Animal skin       |       |     3 |     1 ||     4
Dodge: Dodged            |    10 |    14 |    48 ||    72
